 Dungeon Crawl Stone Soup version 0.26.1-2-gb8aa6d0cf2 (webtiles) character file.

Game seed: 3456409362785871324

6009 nonceun the Severer (level 10, -10/129 HPs)
             Began as a Minotaur Berserker on Mar 26, 2021.
             Was a High Priest of Trog.
             Mangled by an ettin
             ... wielding a +0 dire flail
              (28 damage)
             ... on level 1 of the Orcish Mines.
             The game lasted 00:46:23 (10024 turns).

nonceun the Severer (Minotaur Berserker)           Turns: 10024, Time: 00:46:23

Health: -10/129    AC: 15    Str: 29    XL:     10   Next: 56%
Magic:  9/9        EV: 11    Int:  4    God:    Trog [*****.]
Gold:   277        SH:  0    Dex: 12    Spells: 9/9 levels left

rFire    . . .     SeeInvis .   a - +2 battleaxe (vorpal)
rCold    . . .     Faith    .   (shield currently unavailable)
rNeg     . . .     Spirit   .   g - +0 scale mail (curse)
rPois    .         Reflect  .   K - +1 hat
rElec    .         Harm     .   M - +2 cloak
rCorr    .         Rampage  .   c - +0 pair of gloves
Will     .....                  (no boots)
Stlth    ..........             (no amulet)
HPRegen  0.31/turn              D - +4 ring of protection
MPRegen  0.11/turn              P - +6 ring of strength

@: berserking, very quick
A: retaliatory headbutt, horns 2
a: Renounce Religion, Berserk, Trog's Hand, Brothers in Arms


You were on level 1 of the Orcish Mines.
You worshipped Trog.
Trog was extremely pleased with you.
You visited 2 branches of the dungeon, and saw 10 of its levels.

You collected 581 gold pieces.
You spent 304 gold pieces at shops.

Inventory:

Hand Weapons
 a - a +2 vorpal battleaxe (weapon)
 b - the +4 longbow of the Undead {venom, +Fly rElec Will-}
   (You bought it in a shop on level 5 of the Dungeon)

   It poisons the ammo it fires.
   It insulates you from electricity.
   It affects your willpower, your defense against some magical effects.
   It lets you fly.
 w - a +4 dagger of electrocution
 L - a +2 antimagic hand axe
 S - a +4 spear
 Z - a +3 war axe
Missiles
 m - 35 poisoned darts (quivered)
 z - 171 arrows
 B - 13 boomerangs
 C - a throwing net
 T - 6 javelins
Armour
 c - a +0 pair of gloves (worn)
 g - a cursed +0 scale mail (worn)
 A - a +1 cloak of preservation
 F - the +1 chain mail of the Silversmith {Will+ Str+2}
   (You took it off an orc on level 4 of the Dungeon)

   It affects your strength (+2).
   It affects your willpower, your defense against some magical effects.
 K - a +1 hat (worn)
 M - a +2 cloak (worn)
 R - a +0 plate armour of positive energy
 V - a +2 leather armour of cold resistance
Jewellery
 D - a +4 ring of protection (left hand)
 P - a +6 ring of strength (right hand)
Wands
 e - a wand of iceblast (8)
 i - a wand of acid (8)
 s - a wand of random effects (68)
 N - a wand of digging (4)
 W - a wand of enslavement (9)
 Y - a wand of paralysis (10)
Scrolls
 d - 5 scrolls of teleportation {unknown}
 h - 2 scrolls of immolation {unknown}
 j - 2 scrolls of blinking {unknown}
 l - 6 scrolls of identify
 o - a scroll of enchant armour
 u - 2 scrolls of noise {unknown}
 v - 2 scrolls of remove curse {unknown}
 y - 2 scrolls of enchant weapon {unknown}
 E - a scroll of amnesia {unknown}
 G - a scroll of fog {unknown}
 H - a scroll of random uselessness {unknown}
 I - 2 scrolls of fear {unknown}
 O - a scroll of holy word {unknown}
 U - a scroll of vulnerability {unknown}
Potions
 f - a potion of might {unknown}
 k - a potion of brilliance {unknown}
 n - 6 potions of curing {unknown}
 p - 4 potions of attraction {unknown}
 q - 5 potions of heal wounds {unknown}
 r - a potion of invisibility {unknown}
 t - a potion of haste {unknown}
 x - 3 potions of flight {unknown}
 J - a potion of mutation {unknown}
 Q - a potion of lignification {unknown}
 X - a potion of degeneration {unknown}


   Skills:
 + Level 7.0 Fighting
 + Level 15.9 Axes
 + Level 6.1 Bows
 - Level 1.4 Throwing
 - Level 2.4 Armour
 - Level 2.1 Dodging


You had 9 spell levels left.
You didn't know any spells.
Your spell library was empty.

Dungeon Overview and Level Annotations

Branches:
Dungeon (9/15)             Temple (0/1) D:7             Orc (1/2) D:9
   Lair: D:8-11

Altars:
Trog
Xom

Shops:
D:5 (   D:9 [:


Innate Abilities, Weirdness & Mutations

You reflexively headbutt those who attack you in melee.
You have a pair of horns on your head.


Message History

The orc warrior is severely wounded.
You open the orc warrior like a pillowcase!!!
You kill the orc warrior!
Trog accepts your kill.
Your Bows skill increases to level 6!
You hit the ettin. You headbutt the ettin!
The ettin is moderately wounded.
The ettin barely misses you. The ettin hits you but does no damage.
You hit the ettin. You headbutt the ettin!
The ettin is heavily wounded.
The ettin hits you with a +0 dire flail! x2
You hit the ettin but do no damage.
The ettin is heavily wounded.
The ettin hits you with a +0 dire flail!!!
The ettin hits you with a +0 dire flail!!
* * * LOW HITPOINT WARNING * * *
A red film seems to cover your vision as you go berserk!
You feel yourself moving faster!
You feel mighty!
The ettin hits you with a +0 dire flail!!
You die...

# ##.##. ##
###......
##...##........
#.....)@.......
#.....).C......
...#...........
# #............
#.........$..
#..^#.........
##...#.#.....#
##.###.....#.


You could see an ettin.

Vanquished Creatures
  A gargoyle (D:8)
  A hornet (D:7)
  A wyvern (D:9)
  6 orc warriors
  An eye of draining (D:4)
  2 ice beasts
  2 sky beasts
  2 necrophages (D:8)
  A phantom (D:4)
  6 ogres
  5 centaurs
  A big kobold (D:9)
  9 bullfrogs
  A wyvern zombie (D:7)
  A scorpion (D:9)
  4 killer bees (D:7)
  8 wights
  2 electric eels (D:8)
  2 howler monkeys
  A quasit (D:9)
  3 bullfrog zombies
  9 orc priests
  5 jellies
  12 orc wizards
  A centaur skeleton (D:3)
  A hound (D:4)
  3 iguanas
  10 worker ants
  A killer bee zombie (D:7)
  2 worker ant zombies
  13 adders
  11 gnolls
  2 river rats (D:6)
  A shadow imp (D:6)
  A white imp (D:7)
  3 ufetubi
  An ooze (D:3)
  An adder zombie (D:8)
  An adder skeleton (D:7)
  4 worms
  A dart slug (D:4)
  2 leopard geckos
  67 orcs
  13 bats
  3 giant cockroaches
  3 goblins
  8 hobgoblins
  4 jackals (D:1)
  7 quokkas
  2 ball pythons
  8 frilled lizards
  10 kobolds
  A leopard gecko zombie (D:8)
  A quokka skeleton (D:7)
  8 rats
280 creatures vanquished.

Vanquished Creatures (others)
  2 plants (D:8)
  3 withered plants (D:8)
5 creatures vanquished.

Grand Total: 285 creatures vanquished

Notes
Turn   | Place    | Note
-------+----------+-------------------------------------------
     0 | D:1      | nonceun the Minotaur Berserker began the quest for the Orb.
     0 | D:1      | Reached XP level 1. HP: 19/19 MP: 0/0
   255 | D:1      | Reached skill level 4 in Axes
   319 | D:1      | Reached XP level 2. HP: 22/26 MP: 1/1
  1051 | D:2      | Reached skill level 5 in Axes
  1051 | D:2      | Reached XP level 3. HP: 31/31 MP: 2/2
  1530 | D:2      | Reached skill level 6 in Axes
  1530 | D:2      | Reached XP level 4. HP: 31/39 MP: 3/3
  2043 | D:2      | Reached ** piety under Trog
  2347 | D:2      | Reached skill level 7 in Axes
  2347 | D:2      | Reached XP level 5. HP: 42/45 MP: 4/4
  3581 | D:3      | Reached skill level 8 in Axes
  3581 | D:3      | Reached XP level 6. HP: 49/51 MP: 5/5
  3715 | D:4      | Reached skill level 1 in Throwing
  3998 | D:4      | Reached skill level 9 in Axes
  4076 | D:4      | Reached *** piety under Trog
  4497 | D:4      | Reached XP level 7. HP: 57/57 MP: 6/6
  4613 | D:4      | Found a bloodstained altar of Trog.
  4687 | D:4      | Identified the +1 chain mail of the Silversmith {Will+
                  | Str+2}
  4691 | D:4      | Reached skill level 10 in Axes
  4979 | D:5      | Entered Level 5 of the Dungeon
  5467 | D:5      | Reached skill level 11 in Axes
  5545 | D:5      | Reached XP level 8. HP: 66/66 MP: 2/7
  5648 | D:5      | Found Edazucif's Antique Weapon Shoppe.
  6027 | D:6      | Reached skill level 12 in Axes
  6173 | D:6      | Reached **** piety under Trog
  6412 | D:6      | Reached skill level 5 in Fighting
  6412 | D:6      | Reached skill level 13 in Axes
  7209 | D:6      | Reached XP level 9. HP: 59/74 MP: 2/8
  7603 | D:7      | Reached skill level 14 in Axes
  7619 | D:7      | Reached ***** piety under Trog
  7811 | D:5      | Bought a crystal longbow for 304 gold pieces
  7816 | D:5      | Identified the +4 longbow of the Undead {venom, +Fly rElec
                  | Will-} (You bought it in a shop on level 5 of the Dungeon)
  7963 | D:7      | Found a staircase to the Ecumenical Temple.
  7977 | D:7      | Reached skill level 1 in Bows
  8037 | D:7      | Reached skill level 15 in Axes
  8273 | D:8      | Noticed a gargoyle
  8280 | D:8      | Killed a gargoyle
  8349 | D:8      | Reached XP level 10. HP: 83/83 MP: 9/9
  8759 | D:8      | Found a shimmering altar of Xom.
  9509 | D:9      | Found Xefif's Antique Armour Shop.
  9652 | D:9      | Found Zenupheo's Book Shoppe.
  9658 | D:9      | Reached skill level 5 in Bows
  9877 | D:9      | Received a gift from Trog
  9933 | D:9      | Found a staircase to the Orcish Mines.
 10014 | Orc:1    | Entered Level 1 of the Orcish Mines
 10014 | Orc:1    | Noticed an ettin
 10024 | Orc:1    | Mangled by an ettin

Illustrated notes

Levels and vault maps discovered:
D:1:      psy_arrival_basics, layout_basic
D:2:      layout_basic, serial_curves, eino_curves_03, eino_curves_04,
          eino_curves_01, grunt_decor_clamped, minmay_misc_feat_room,
          lemuel_another_geyser
D:3:      layout_basic, minmay_divided_ellipse
D:4:      layout_loops_corners, trog_eyes_of_draining
D:5:      layout_gridville, serial_shops, kennysheep_little_box
D:6:      layout_loops_corners, portal_sewer_entry_b
D:7:      layout_basic, minmay_temple_entry_purple_smoke
D:8:      wad_lake_hut, layout_basic, general_overflow_altar, serial_undead,
          serial_undead_c, serial_undead_b, serial_undead_c, serial_undead_a
D:9:      layout_big_octagon, hiddenorc1_lemuel, serial_shops, shop, shop
Orc:1:    layout_caves

Skill      XL: |  1  2  3  4  5  6  7  8  9 10 |
---------------+-------------------------------+-----
Axes           | 4 5 6 7 8 9 11 13 15 | 15.9
Throwing       | 1 |  1.4
Fighting       | 4 5 7 |  7.0
Bows           | 3 6 |  6.1
Armour         | |  2.4
Dodging        | |  2.1

Action                   |  1- 3 |  4- 6 |  7- 9 | 10-12 || total
-------------------------+-------+-------+-------+-------++-------
Melee: Hand axe          |    83 |   176 |   237 |       ||   496
       Headbutt          |    11 |    35 |    62 |    23 ||   131
       War axe           |       |       |    19 |    88 ||   107
       Battleaxe         |       |       |       |     7 ||     7
 Fire: Longbow           |       |       |    20 |    64 ||    84
Throw: Stone             |       |    72 |    10 |       ||    82
       Dart              |       |       |       |     2 ||     2
Invok: Berserk           |       |     2 |    10 |     2 ||    14
  Use: Scroll            |       |       |       |     1 ||     1
Armor: Animal skin       |     2 |       |       |       ||     2
       Scale mail        |    27 |    64 |    75 |    33 ||   199
Dodge: Dodged            |    38 |    68 |    80 |    34 ||   220
Block: Buckler           |     4 |    15 |    21 |       ||    40
